 Dungeon Crawl Stone Soup version 0.21-a0-170-g0398fc9 (webtiles) character file.

4300 wolfsongas the Spear-Bearer (level 10, -5/80 HPs)
             Began as a Demonspawn Fighter on Aug 6, 2017.
             Was a Believer of Qazlal.
             Slain by a ten-headed hydra (7 damage)
             ... on level 8 of the Dungeon.
             The game lasted 00:23:18 (8292 turns).

wolfsongas the Spear-Bearer (Demonspawn Fighter)    Turns: 8292, Time: 00:23:19

Health: -5/80      AC: 22    Str: 26    XL:     10   Next: 11%
Magic:  10/10      EV:  9    Int:  9    God:    Qazlal [**....]
Gold:   487        SH:  3    Dex: 13    Spells: 9/9 levels left

rFire    + . .     SeeInvis .   b - +0 glaive
rCold    + . .     Gourm    .   (shield currently unavailable)
rNeg     . . .     Faith    .   e - +5 plate armour
rPois    .         Spirit   .   (helmet restricted)
rElec    +         Reflect  .   (no cloak)
rCorr    .         Harm     .   g - +1 pair of gloves
MR       +....                  F - +0 pair of boots
Stlth    ..........             a - amulet of regeneration
HPRegen  0.63/turn              y - ring of protection from fire
MPRegen  0.12/turn              k - +6 ring of strength

@: no status effects
A: antennae 2, repulsion field 1, cold resistance 1, demonic guardian 1, magic
resistance 1, electricity resistance, wild magic 1, freezing cloud immunity
a: Upheaval, Renounce Religion


You were on level 8 of the Dungeon.
You worshipped Qazlal.
Qazlal was pleased with you.
You were full.

You visited 1 branch of the dungeon, and saw 8 of its levels.
You also visited: Ossuary.

You collected 487 gold pieces.

Inventory:

Hand Weapons
 b - a +0 glaive (weapon)
Armour
 e - a +5 plate armour (worn)
 g - a +1 pair of gloves (worn)
 F - a +0 pair of boots (worn)
Jewellery
 a - an amulet of regeneration (around neck)
 k - a +6 ring of strength (right hand)
 l - an uncursed amulet of guardian spirit
 o - an uncursed ring of ice
 r - an uncursed amulet of the gourmand
 y - a ring of protection from fire (left hand)
Scrolls
 d - 2 scrolls of amnesia
 h - 7 scrolls of teleportation
 q - 3 scrolls of enchant weapon
 s - 2 scrolls of immolation
 B - 2 scrolls of fear
 C - a scroll of fog
 E - a scroll of recharging
 G - a scroll of remove curse
Potions
 j - a potion of cancellation
 m - 3 potions of magic
 n - 6 potions of curing
 p - a potion of degeneration
 t - a potion of flight {unknown}
 u - 2 potions of lignification
 v - 2 potions of heal wounds
 w - a potion of agility
 x - 2 potions of haste {unknown}
 z - a potion of berserk rage
 A - a potion of might
Comestibles
 c - 3 meat rations
 f - 7 bread rations
 i - 8 royal jellies
 D - 15 fruits
 H - 2 chunks of flesh


   Skills:
 + Level 8.2 Fighting
 * Level 9.3 Polearms
 + Level 7.6 Armour
   Level 2.6 Shields


You had 9 spell levels left.
You didn't know any spells.

Dungeon Overview and Level Annotations

Branches:
Dungeon (8/15)             Temple (0/1) D:4
   Lair: D:8-11

Altars:
Ashenzari
Dithmenos
Elyvilon
Gozag
Hepliaklqana
Kikubaaqudgha
Nemelex Xobeh
Qazlal
Ru
Vehumet
Wu Jian
Yredelemnul
Zin

Shops:
D:7 *

Annotations:
D:3 Grinder


Innate Abilities, Weirdness & Mutations

You have a pair of antennae on your head.
You are surrounded by a mild repulsion field. (EV +2)
Your flesh is cold resistant. (rC+)
A weak demonic guardian rushes to your aid.
You are immune to freezing clouds.
You are resistant to hostile enchantments. (MR+)
You are resistant to electric shocks. (rElec)
Your spells are a little harder to cast, but a little more powerful.


Message History

You block the nine-headed hydra's attack.
The nine-headed hydra bites you.
* * * LOW HITPOINT WARNING * * *
You block the nine-headed hydra's attack.
The nine-headed hydra bites you but does no damage. x3
The nine-headed hydra closely misses you. x2
The nine-headed hydra bites you.
* * * LOW HITPOINT WARNING * * *
The nine-headed hydra barely misses you.
The nine-headed hydra bites you but does no damage. x7
You hack one of the nine-headed hydra's heads off!
The eight-headed hydra grows two more!
You slash the ten-headed hydra!
The ten-headed hydra is almost dead.
The ten-headed hydra bites you but does no damage. x2
The ten-headed hydra bites you!
* * * LOW HITPOINT WARNING * * *
The ten-headed hydra bites you!
* * * LOW HITPOINT WARNING * * *
The ten-headed hydra misses you. The ten-headed hydra bites you!
You die...

##########
#..#.....#
#..'....≈#
#..'..P..#####
#.§'....≈)...#
######@.#.....#...#
#
#....#D##P≈P.≈#...#
#
#.####K.#≈≈≈≈P#...#
# #.#
#.)+.P≈PP#...# #
#.#
##########...#####
#.# #.......'....
#.# ###.......#####
#.# #>.............
#.# #.###.#########


You could see a ten-headed hydra and a big kobold.

Vanquished Creatures
  Sigmund (D:6)
  A wyvern (D:8)
  2 yaks (D:8)
  A water moccasin (D:8)
  An ice beast (D:6)
  2 sky beasts
  An orc warrior (D:7)
  4 ogres
  2 phantoms
  3 centaurs
  2 big kobolds (D:8)
  2 bullfrogs (D:7)
  10 scorpions (Ossuary)
  4 killer bees (D:8)
  2 howler monkeys (D:4)
  3 centaur zombies (Ossuary)
  A quasit (D:8)
  2 hounds
  2 orc wizards (D:7)
  Jessica (D:3)
  2 iguanas
  7 worker ants
  A hound zombie (D:7)
  2 mummies (Ossuary)
  7 gnolls
  A howler monkey skeleton (D:5)
  3 scorpion zombies (Ossuary)
  6 adders
  2 shadow imps (D:5)
  An adder zombie (D:6)
  An adder skeleton (D:7)
  2 worms
  A dart slug (D:1)
  3 leopard geckos
  9 orcs
  4 giant cockroaches
  3 gnoll zombies (Ossuary)
  7 goblins
  5 hobgoblins
  6 jackals (D:2)
  2 quokkas
  4 bats
  5 frilled lizards
  2 goblin zombies (Ossuary)
  3 hobgoblin zombies (Ossuary)
  A jackal skeleton (D:8)
  6 kobolds
  A kobold zombie (Ossuary)
  3 orc zombies (Ossuary)
  A quokka zombie (D:8)
  6 rats
  2 rat zombies (D:5)
156 creatures vanquished.

Vanquished Creatures (collateral kills)
  2 dream sheep (D:8)
  A wyvern (D:8)
  Eustachio (D:6)
  A phantom (D:8)
  An ogre (D:6)
  3 bullfrogs (D:6)
  A killer bee (D:8)
  A gnoll (D:6)
  A giant cockroach (D:6)
12 creatures vanquished.

Vanquished Creatures (others)
  A mummy (Ossuary)
1 creature vanquished.

Grand Total: 169 creatures vanquished

Notes
Turn   | Place    | Note
-------+----------+-------------------------------------------
     0 | D:1      | wolfsongas the Demonspawn Fighter began the quest for the Orb.
     0 | D:1      | Reached XP level 1. HP: 18/18 MP: 1/1
    69 | D:1      | Reached skill level 2 in Polearms
   443 | D:1      | Gained mutation: You are surrounded by a mild repulsion field. (EV +2) [demonic ancestry]
   443 | D:1      | Reached XP level 2. HP: 24/24 MP: 2/2
  1057 | D:2      | Reached skill level 3 in Polearms
  1101 | D:2      | Gained mutation: Your flesh is cold resistant. (rC+) [demonic ancestry]
  1101 | D:2      | Reached XP level 3. HP: 29/29 MP: 3/3
  1667 | D:2      | Found a stormy altar of Qazlal.
  1687 | D:2      | Became a worshipper of Qazlal Stormbringer
  1870 | D:2      | Gained mutation: You are resistant to electric shocks. (rElec) [potion of mutation]
  1870 | D:2      | Gained mutation: Your spells are a little harder to cast, but a little more powerful. [potion of mutation]
  1870 | D:2      | Gained mutation: You are resistant to hostile enchantments. (MR+) [potion of mutation]
  1909 | D:3      | Noticed Jessica
  1917 | D:3      | Killed Jessica
  1917 | D:3      | Reached skill level 4 in Polearms
  1917 | D:3      | Reached XP level 4. HP: 35/35 MP: 4/4
  2254 | D:3      | Noticed Grinder
  2267 | D:3      | Paralysed by Grinder for 5 turns
  2705 | D:4      | Found an ornate altar of the Wu Jian Council.
  2750 | D:4      | Found a staircase to the Ecumenical Temple.
  2752 | D:4      | Got an ivory quarterstaff
  2753 | D:4      | Identified the cursed +0 quarterstaff "Dragon's Curse" {antimagic, +Blink rF- Str+4} (You found it on level 4 of the Dungeon)
  2878 | D:4      | Found a radiant altar of Vehumet.
  2884 | D:4      | Reached XP level 5. HP: 41/41 MP: 5/5
  3144 | D:4      | Found a basalt altar of Yredelemnul.
  3192 | D:4      | Noticed an ogre
  3206 | D:4      | Killed an ogre
  3206 | D:4      | Reached skill level 5 in Polearms
  3437 | D:4      | Reached XP level 6. HP: 44/47 MP: 6/6
  3595 | D:5      | Entered Level 5 of the Dungeon
  3644 | D:5      | Found a sand-covered staircase.
  3657 | Ossuary  | Entered an ossuary
  3790 | Ossuary  | Reached * piety under Qazlal
  3868 | Ossuary  | Gained mutation: You have a pair of small antennae on your head. [demonic ancestry]
  3868 | Ossuary  | Reached XP level 7. HP: 55/55 MP: 7/7
  4010 | Ossuary  | Reached skill level 6 in Polearms
  4017 | Ossuary  | Reached skill level 5 in Fighting
  4506 | D:5      | Gained mutation: A weak demonic guardian rushes to your aid. [demonic ancestry]
  4506 | D:5      | Reached XP level 8. HP: 62/62 MP: 8/8
  4651 | D:5      | Found a sacrificial altar of Ru.
  4673 | D:5      | Got a transparent ring mail
  4674 | D:5      | Identified the cursed +0 ring mail of Deethaf {-Tele MR+ Int+5} (You found it on level 5 of the Dungeon)
  4998 | D:5      | Reached skill level 5 in Armour
  5024 | D:5      | Found a sparkling altar of Nemelex Xobeh.
  5177 | D:6      | Noticed Eustachio
  5193 | D:6      | Killed Eustachio
  5218 | D:6      | Reached ** piety under Qazlal
  5218 | D:6      | Reached skill level 7 in Polearms
  5228 | D:6      | Noticed Sigmund
  5244 | D:6      | Killed Sigmund
  5291 | D:6      | Found an opulent altar of Gozag.
  5291 | D:6      | Found a glowing silver altar of Zin.
  5360 | D:6      | Found a shattered altar of Ashenzari.
  5455 | D:6      | Found an ancient bone altar of Kikubaaqudgha.
  5477 | D:6      | Found a hazy altar of Hepliaklqana.
  5788 | D:6      | Found a white marble altar of Elyvilon.
  5788 | D:6      | Found a shadowy altar of Dithmenos.
  6253 | D:6      | Gained mutation: You are immune to freezing clouds. [demonic ancestry]
  6253 | D:6      | Reached XP level 9. HP: 69/71 MP: 9/9
  6991 | D:7      | Reached skill level 8 in Polearms
  7026 | D:7      | Found Iskeemam's Assorted Antiques.
  8221 | D:8      | Reached skill level 9 in Polearms
  8253 | D:8      | Gained mutation: You have a pair of antennae on your head. [demonic ancestry]
  8253 | D:8      | Reached XP level 10. HP: 80/80 MP: 5/10
  8283 | D:8      | Noticed a three-headed hydra
  8292 | D:8      | HP: 2/80 [ten-headed hydra (11)]
  8292 | D:8      | Slain by a ten-headed hydra

Vault maps used:
D:1:      minmay_arrival_stone_box, supply_closet_lemuel,
          corexii_item_surrounded_by_moat, minmay_misc_feat_iff
D:2:      nicolae_overflow_hidden_temple, lemuel_crystal_altar
D:3:      kennysheep_goblin_castle, uniq_grinder, uniq_jessica
D:4:      lemuel_crystal_altar, lemuel_doored_altar, vehumet_crystals,
          minmay_temple_entry_statues_pillars
D:5:      nemelex_xobeh_ov_fountains_minmay, old_standard_altar,
          enter_ossuary_4, first_bread, minmay_misc_feat_tiny
D:6:      grunt_temple_overflow_gold_and_silver, kennysheep_mini,
          kiku_gazebo_pond_becter, grunt_temple_overflow_open,
          evilmike_ruin_ashenzari, uniq_sigmund, uniq_eustachio
D:7:      serial_shops, shop
D:8:      hangedman_ranch
Ossuary:  ossuary_minmay_scorpions

Skill      XL: |  1  2  3  4  5  6  7  8  9 |
---------------+----------------------------+-----
Polearms       | 2 3 4 5 6 7 9 |  9.3
Armour         | 3 4 6 7 |  7.6
Fighting       | 4 5 6 8 |  8.2
Shields        | |  2.6

Action                   |  1- 3 |  4- 6 |  7- 9 | 10-12 || total
-------------------------+-------+-------+-------+-------++-------
Melee: Trident           |   175 |   127 |   288 |       ||   590
       Glaive            |       |       |   192 |    16 ||   208
Invok: Upheaval          |       |       |     1 |       ||     1
  Use: Potion            |     4 |     1 |     5 |       ||    10
       Scroll            |     9 |     7 |    11 |       ||    27
 Stab: Distracted        |       |       |     8 |       ||     8
  Eat: Meat ration       |     1 |       |       |       ||     1
       Bread ration      |     1 |       |       |       ||     1
       Chunk             |       |    14 |    12 |       ||    26
Armor: Scale mail        |   139 |       |       |       ||   139
       Plate armour      |     3 |    46 |   260 |    29 ||   338
       Skin              |       |       |   123 |       ||   123
Dodge: Dodged            |   154 |    38 |   180 |    12 ||   384
Block: Shield            |    35 |       |       |       ||    35
       Other             |       |       |    50 |     6 ||    56
